cohdb
Replays
Latest Replays
All Replays
Popular Replays
Top Player Replays
Match Explorer
How It Works
Community
CoH3 Stats
Reddit
Sign in to upload your games and track your stats! →
Sign in with Steam
Match 43960273
Unlisted
Match 43960273
Overview
Messages
Build Orders
End
Construct Section Command Post
Selects Heavy Armor Battlegroup
Dingo Light Scout Car
Dingo Light Scout Car
Infantry Section
Construct Platoon Command Post
Humber Armored Car
Selects Light Vehicle Withdraw and Refit
Selects Rigorous Vehicle Training
Humber Armored Car
Royal Engineer Section
Selects Forward Repair Assembly
Light Vehicle Training
Unlock Bishop Self-propelled Artillery
晨曦朝露
i need 2 wean off
grg13187
travis7582
tt
cannot compute
安丶小柒
suoz250rdr
0
0
Comments
sign in to comment!
No comments posted yet!